 Dungeon Sprint DCSS version 0.21.1-1-g345015f (webtiles) character file.

2993 wilfster70 the Covert (level 9, -7/74 HPs)
             Began as a Gnoll Enchanter on Feb 23, 2018.
             Was a Follower of Vehumet.
             Splashed by an oklob plant's acid (12 damage)
             ... in the Dungeon (Sprint I: "Red Sonja").
             The game lasted 00:05:09 (875 turns).

wilfster70 the Covert (Gnoll Enchanter)              Turns: 875, Time: 00:05:10

Health: -7/74      AC:  3    Str: 12    XL:     9   Next: 83%
Magic:  12/22      EV: 14    Int: 20    God:    Vehumet [*.....]
Gold:   432        SH:  0    Dex: 15    Spells: 20/27 levels left

rFire    + . .     SeeInvis .   a - +1 dagger
rCold    . . .     Gourm    .   (no shield)
rNeg     + . .     Faith    .   n - +2 scale mail "Pyonioch" {rF+ rN+ Regen+ Stlth+}
rPois    .         Spirit   .   (no helmet)
rElec    .         Reflect  .   (no cloak)
rCorr    .         Harm     .   (no gloves)
MR       .....     NoTele   +   e - +0 pair of boots (curse)
Stlth    ++++......             (no amulet)
HPRegen  0.62/turn              (no ring)
MPRegen  0.18/turn              (no ring)

@: corroded, very slightly contaminated
A: distributed training, fangs 1, strong nose
a: Renounce Religion


You were in the Dungeon.
You worshipped Vehumet.
Vehumet was aware of your devotion.
You were not hungry.

You visited 1 branch You collected 835 gold pieces.
You spent 403 gold pieces at shops.

Inventory:

Hand Weapons
 a - a +1 dagger (weapon)
Armour
 b - a +0 robe
 e - a cursed +0 pair of boots (worn)
 n - the +2 scale mail "Pyonioch" (worn) {rF+ rN+ Regen+ Stlth+}
   (You bought it in a shop in the Dungeon)

   It protects you from fire.
   It protects you from negative energy.
   It increases your rate of regeneration.
   It makes you more stealthy.
Wands
 k - a wand of digging (12)
Scrolls
 j - 2 scrolls of blinking
Potions
 f - a potion of heal wounds
 g - a potion of haste
 h - 2 potions of magic
 i - a potion of berserk rage
 l - a potion of agility {unknown}
 m - 4 potions of curing
Books
 c - a book of Maledictions

   Spells                             Type                      Level
   a - Corona                         Hexes                        1
   b - Ensorcelled Hibernation        Hexes/Ice                    2
   c - Confuse                        Hexes                        3
   d - Tukima's Dance                 Hexes                        3
   e - Dazzling Spray                 Conjuration/Hexes            3
Comestibles
 d - 2 rations


   Skills:
 + Level 8.0 Fighting
 + Level 8.5 Short Blades
 + Level 8.0 Long Blades
 + Level 8.0 Axes
 + Level 8.0 Maces & Flails
 + Level 8.0 Polearms
 + Level 8.0 Staves
 + Level 8.0 Slings
 + Level 8.0 Bows
 + Level 8.0 Crossbows
 + Level 8.0 Throwing
 + Level 8.0 Armour
 + Level 9.3 Dodging
 + Level 10.0 Stealth
 + Level 8.0 Shields
 + Level 8.0 Unarmed Combat
 + Level 9.5 Spellcasting
 + Level 6.6 Conjurations
 + Level 8.7 Hexes
 + Level 6.6 Charms
 + Level 6.6 Summonings
 + Level 6.6 Necromancy
 + Level 6.6 Translocations
 + Level 6.6 Transmutations
 + Level 6.6 Fire Magic
 + Level 6.6 Ice Magic
 + Level 6.6 Air Magic
 + Level 6.6 Earth Magic
 + Level 6.6 Poison Magic
 + Level 8.8 Invocations
 + Level 8.0 Evocations


You had 20 spell levels left.
You knew the following spells:

 Your Spells              Type           Power        Failure   Level  Hunger
a - Flame Tongue          Conj/Fire      #####        1%          1    None
b - Ensorcelled Hibernat  Hex/Ice        #####.       1%          2    None
c - Confuse               Hex            #####...     2%          3    None
d - Corona                Hex            #####..      1%          1    None


Dungeon Overview and Level Annotations

Branches:
Dungeon (1/1)

Altars:
Cheibriados
Dithmenos
Elyvilon
Fedhas
Gozag
Hepliaklqana
Kikubaaqudgha
Nemelex Xobeh
Okawaru
Qazlal
Ru
Sif Muna
Trog
Uskayaw
Vehumet
Wu Jian
Yredelemnul
Zin
The Shining One

Shops:
D *[[

Annotations:
D exclusion: oklob plant


Innate Abilities, Weirdness & Mutations

Your experience applies equally to all skills.
You have very sharp teeth.
Your uncanny sense of smell can sniff out nearby items.


Message History

The splash of acid misses you.
Casting: Flame Tongue
Confirm with . or Enter, or press ? or * to list all spells.
Aiming: Flame Tongue
Press: ? - help, Shift-Dir - straight line, f/p - oklob plant
Aim: an oklob plant (severely damaged)
The flame tongue hits the oklob plant.
The oklob plant is almost destroyed.
Casting: Flame Tongue
Confirm with . or Enter, or press ? or * to list all spells.
Aiming: Flame Tongue
Press: ? - help, Shift-Dir - straight line, f/p - oklob plant
Aim: an oklob plant (severely damaged)
The flame tongue hits the oklob plant.
The oklob plant appears unharmed.
The oklob plant is severely damaged.
The oklob plant spits acid at you. The splash of acid hits you!
* * * LOW HITPOINT WARNING * * *
The acid corrodes you!
You are splashed with acid!
The acid burns!
You die...

##########
'..#.)'..# ∆∆ ∆∆ ∆
#.)'..#..+ ∆∆ ∆
##'#####'# #### ∆
#..#...#(####§(####
∆
####.(##)#≈§≈§§#..#
___##'#_.§≈§≈§§§..#
∩...'.(._#§§≈§)#@.#
.__##_.#'##§#####'#
___###'#[#.§.[###P+∆
######(####'###[###∆
....'...'.....'.∩#
+####.).########## ∆
∆ ###.### ∆ ∆
#.#'#.# ∆ ∆ #.....#
∆∆ ∆


You could see an oklob plant.

Vanquished Creatures
  2 centaur warriors (D)
  Sonja (D)
  A deep troll (D)
  A hornet (D)
  Sigmund (D)
  A yak (D)
  An ogre (D)
  A jelly (D)
  Ijyb (D)
  2 ballistomycetes (D)
12 creatures vanquished.

Vanquished Creatures (others)
  2 ballistomycete spores (D)
2 creatures vanquished.

Grand Total: 14 creatures vanquished

Notes
Turn   | Place    | Note
-------+----------+-------------------------------------------
     0 | D        | wilfster70 the Gnoll Enchanter began the quest for the Orb.
     0 | D        | Reached XP level 1. HP: 13/13 MP: 6/6
     1 | D        | Noticed Ijyb
     4 | D        | Killed Ijyb
     4 | D        | Reached skill level 1 in Fighting
     4 | D        | Reached skill level 1 in Long Blades
     4 | D        | Reached skill level 1 in Axes
     4 | D        | Reached skill level 1 in Maces & Flails
     4 | D        | Reached skill level 1 in Polearms
     4 | D        | Reached skill level 1 in Staves
     4 | D        | Reached skill level 1 in Slings
     4 | D        | Reached skill level 1 in Bows
     4 | D        | Reached skill level 1 in Crossbows
     4 | D        | Reached skill level 1 in Throwing
     4 | D        | Reached skill level 1 in Armour
     4 | D        | Reached skill level 6 in Stealth
     4 | D        | Reached skill level 1 in Shields
     4 | D        | Reached skill level 1 in Unarmed Combat
     4 | D        | Reached skill level 5 in Spellcasting
     4 | D        | Reached skill level 1 in Conjurations
     4 | D        | Reached skill level 1 in Charms
     4 | D        | Reached skill level 1 in Summonings
     4 | D        | Reached skill level 1 in Necromancy
     4 | D        | Reached skill level 1 in Translocations
     4 | D        | Reached skill level 1 in Transmutations
     4 | D        | Reached skill level 1 in Fire Magic
     4 | D        | Reached skill level 1 in Ice Magic
     4 | D        | Reached skill level 1 in Air Magic
     4 | D        | Reached skill level 1 in Earth Magic
     4 | D        | Reached skill level 1 in Poison Magic
     4 | D        | Reached skill level 1 in Evocations
     4 | D        | Reached XP level 2. HP: 22/22 MP: 8/8
     4 | D        | Reached XP level 3. HP: 27/27 MP: 9/9
     8 | D        | Learned a level 2 spell: Ensorcelled Hibernation
    12 | D        | Learned a level 3 spell: Confuse
    14 | D        | Noticed an ogre
    17 | D        | Killed an ogre
    17 | D        | Reached skill level 5 in Dodging
    17 | D        | Reached XP level 4. HP: 34/34 MP: 9/11
    26 | D        | Noticed Sigmund
    29 | D        | Killed Sigmund
    29 | D        | Reached skill level 5 in Short Blades
    29 | D        | Reached skill level 7 in Stealth
    29 | D        | Reached XP level 5. HP: 42/42 MP: 11/14
    29 | D        | Reached XP level 6. HP: 48/48 MP: 11/15
    67 | D        | Found a deep blue altar of Sif Muna.
    68 | D        | Found an ornate altar of the Wu Jian Council.
    69 | D        | Found a radiant altar of Vehumet.
    76 | D        | Found Nuwkon's Armour Emporium.
    76 | D        | Found an ancient bone altar of Kikubaaqudgha.
    76 | D        | Found a hazy altar of Hepliaklqana.
    76 | D        | Found a stormy altar of Qazlal.
    76 | D        | Found a hide-covered altar of Uskayaw.
    76 | D        | Found a blossoming altar of Fedhas.
    76 | D        | Found a bloodstained altar of Trog.
    76 | D        | Found an iron altar of Okawaru.
    76 | D        | Found a basalt altar of Yredelemnul.
    76 | D        | Found a glowing golden altar of the Shining One.
    76 | D        | Found a snail-covered altar of Cheibriados.
    76 | D        | Found a sacrificial altar of Ru.
    76 | D        | Found a glowing silver altar of Zin.
    76 | D        | Found a shadowy altar of Dithmenos.
    76 | D        | Found a white marble altar of Elyvilon.
    76 | D        | Noticed a yak
    77 | D        | Found an opulent altar of Gozag.
    80 | D        | Killed a yak
    80 | D        | Reached skill level 5 in Fighting
    80 | D        | Reached skill level 5 in Long Blades
    80 | D        | Reached skill level 5 in Axes
    80 | D        | Reached skill level 5 in Maces & Flails
    80 | D        | Reached skill level 5 in Polearms
    80 | D        | Reached skill level 5 in Staves
    80 | D        | Reached skill level 5 in Slings
    80 | D        | Reached skill level 5 in Bows
    80 | D        | Reached skill level 5 in Crossbows
    80 | D        | Reached skill level 5 in Throwing
    80 | D        | Reached skill level 5 in Armour
    80 | D        | Reached skill level 5 in Shields
    80 | D        | Reached skill level 5 in Unarmed Combat
    80 | D        | Reached skill level 5 in Invocations
    80 | D        | Reached skill level 5 in Evocations
    80 | D        | Reached XP level 7. HP: 53/56 MP: 13/17
    81 | D        | Found a sparkling altar of Nemelex Xobeh.
    95 | D        | Became a worshipper of Vehumet
   117 | D        | Noticed Sonja
   125 | D        | Killed Sonja
   125 | D        | Reached skill level 8 in Stealth
   125 | D        | Reached skill level 5 in Conjurations
   125 | D        | Reached skill level 5 in Charms
   125 | D        | Reached skill level 5 in Summonings
   125 | D        | Reached skill level 5 in Necromancy
   125 | D        | Reached skill level 5 in Translocations
   125 | D        | Reached skill level 5 in Transmutations
   125 | D        | Reached skill level 5 in Fire Magic
   125 | D        | Reached skill level 5 in Ice Magic
   125 | D        | Reached skill level 5 in Air Magic
   125 | D        | Reached skill level 5 in Earth Magic
   125 | D        | Reached skill level 5 in Poison Magic
   125 | D        | Reached XP level 8. HP: 19/64 MP: 11/20
   290 | D        | Noticed a deep troll
   297 | D        | Killed a deep troll
   297 | D        | Reached skill level 9 in Stealth
   478 | D        | Found Uwko's Armour Emporium.
   485 | D        | Bought a cursed +0 pair of boots for 18 gold pieces
   518 | D        | Found Wud Goh's Assorted Antiques.
   545 | D        | Bought the +2 scale mail "Pyonioch" {rF+ rN+ Regen+ Stlth+} for 385 gold pieces
   569 | D        | Noticed a centaur warrior
   570 | D        | Noticed a centaur warrior
   573 | D        | Killed a centaur warrior
   573 | D        | Reached * piety under Vehumet
   573 | D        | Offered knowledge of Flame Tongue by Vehumet.
   573 | D        | Reached XP level 9. HP: 72/72 MP: 20/22
   579 | D        | Killed a centaur warrior
   643 | D        | Noticed a hornet
   645 | D        | Killed a hornet
   645 | D        | Reached skill level 10 in Stealth
   657 | D        | Noticed an oklob plant
   849 | D        | Learned a level 1 spell: Flame Tongue
   875 | D        | Splashed by an oklob plant's acid

Skill      XL: |  1  2  3  4  5  6  7  8  9 |
---------------+----------------------------+-----
Fighting       | 1 2 4 5 6 7 8 |  8.0
Short Blades   | 3 4 5 6 7 8 |  8.5
Long Blades    | 1 2 4 5 6 7 8 |  8.0
Axes           | 1 2 4 5 6 7 8 |  8.0
Maces & Flails | 1 2 4 5 6 7 8 |  8.0
Polearms       | 1 2 4 5 6 7 8 |  8.0
Staves         | 1 2 4 5 6 7 8 |  8.0
Slings         | 1 2 4 5 6 7 8 |  8.0
Bows           | 1 2 4 5 6 7 8 |  8.0
Crossbows      | 1 2 4 5 6 7 8 |  8.0
Throwing       | 1 2 4 5 6 7 8 |  8.0
Armour         | 1 2 4 5 6 7 8 |  8.0
Stealth        | 6 7 8 9 10 | 10.0
Shields        | 1 2 4 5 6 7 8 |  8.0
Unarmed Combat | 1 2 4 5 6 7 8 |  8.0
Spellcasting   | 5 6 7 8 9 |  9.5
Conjurations   | 1 2 3 4 5 6 |  6.6
Charms         | 1 2 3 4 5 6 |  6.6
Summonings     | 1 2 3 4 5 6 |  6.6
Necromancy     | 1 2 3 4 5 6 |  6.6
Translocations | 1 2 3 4 5 6 |  6.6
Transmutations | 1 2 3 4 5 6 |  6.6
Fire Magic     | 1 2 3 4 5 6 |  6.6
Ice Magic      | 1 2 3 4 5 6 |  6.6
Air Magic      | 1 2 3 4 5 6 |  6.6
Earth Magic    | 1 2 3 4 5 6 |  6.6
Poison Magic   | 1 2 3 4 5 6 |  6.6
Invocations    | 2 3 4 5 6 8 |  8.8
Evocations     | 1 2 4 5 6 7 8 |  8.0
Dodging        | 5 6 7 8 9 |  9.3
Hexes          | 6 7 8 |  8.7

Action                   |  1- 3 |  4- 6 |  7- 9 || total
-------------------------+-------+-------+-------++-------
Melee: Dagger            |     2 |     4 |    35 ||    41
       Bite              |       |     1 |     5 ||     6
       Punch             |       |       |     1 ||     1
 Cast: Ensorcelled Hiber |       |     1 |    12 ||    13
       Flame Tongue      |       |       |    11 ||    11
  Use: Potion            |       |       |     1 ||     1
 Stab: Sleeping          |     2 |     3 |     6 ||    11
Armor: Robe              |       |       |     1 ||     1
Dodge: Dodged            |       |       |    12 ||    12
